 Dungeon Crawl Stone Soup version 0.18.1-5-g4a78601 (webtiles) character file.

1550 kae the Cleaver (level 8, 0/68 HPs)
             Began as a Deep Dwarf Fighter on May 10, 2016.
             Was a Believer of Makhleb.
             Slain by a cyclops (2 damage)
             ... on level 7 of the Dungeon.
             The game lasted 00:09:21 (4664 turns).

kae the Cleaver (Deep Dwarf Fighter)                Turns: 4664, Time: 00:09:21

Health: 0/68       AC: 10    Str: 20    XL:     8   Next: 57%
Magic:  8/8        EV:  7    Int:  9    God:    Makhleb [**....]
Gold:   353        SH:  9    Dex: 14    Spells: 0 memorised, 7 levels left

rFire  . . .     SeeInvis .     a - +1 war axe
rCold  + . .     Gourm    .     b - +0 scale mail
rNeg   + . .     Faith    +     c - +0 shield
rPois  .         Spirit   .     n - +1 helmet
rElec  .         Dismiss  .     (no cloak)
rCorr  .         Reflect  .     m - +0 pair of gloves
SustAt .         Harm     .     (no boots)
MR     +....                    B - amulet of faith
Stlth  ..........               F - ring of positive energy
                                x - ring of protection from cold

@: very slightly contaminated, non-regenerating, hasted, invisible, very quick,
somewhat resistant to hostile enchantments, extremely unstealthy
A: damage resistance, recharge devices, talons 1, sense surroundings 1, slow
regeneration 3
a: Device Recharging, Minor Destruction, Renounce Religion


You were on level 7 of the Dungeon.
You worshipped Makhleb.
Makhleb was pleased with you.
You were not hungry.

You visited 1 branch of the dungeon, and saw 7 of its levels.

You collected 425 gold pieces.
You spent 72 gold pieces at shops.

Inventory:

Hand Weapons
 a - a +1 war axe (weapon)
Armour
 b - a +0 scale mail (worn)
 c - a +0 shield (worn)
 m - a +0 pair of gloves (worn)
 n - a +1 helmet (worn)
Jewellery
 p - a +3 amulet of reflection
 x - a ring of protection from cold (left hand)
 B - an amulet of faith (around neck)
 F - a ring of positive energy (right hand)
Wands
 e - a wand of heal wounds (0/9)
 y - a wand of polymorph (8/24)
 G - a wand of flame (10/48)
Scrolls
 d - a scroll of fear
 h - a scroll of immolation
 k - 2 scrolls of magic mapping
 r - 5 scrolls of remove curse
 w - a scroll of identify
Potions
 j - a potion of heal wounds
 o - a potion of magic
 t - 2 potions of lignification
 u - a potion of brilliance
 z - a potion of curing
Books
 D - an Akashic Record

   Spells                             Type                      Level
   a - Dispersal                      Translocation                6
   b - Malign Gateway                 Summoning/Translocation      7
   c - Disjunction                    Translocation                8
   d - Controlled Blink               Translocation                8
Comestibles
 f - 3 bread rations
 g - a beef jerky
 i - a slice of pizza
 l - 3 royal jellies
 v - 2 meat rations
 C - 2 fruits


   Skills:
 - Level 2.6 Fighting
 + Level 11.7 Axes
 - Level 3.2 Armour
 - Level 3.2 Shields


You had 7 spell levels left.
You didn't know any spells.

Dungeon Overview and Level Annotations

Branches:
Dungeon (7/15)             Temple (0/1) D:4

Altars:
Fedhas
Gozag
Kikubaaqudgha
Makhleb
Okawaru
Qazlal
Sif Muna
Trog
Vehumet
Zin

Shops:
D:4 ?


Innate Abilities, Weirdness & Mutations

You are resistant to damage.
You can recharge devices by infusing magical energy.
You passively map a small area around you.
You do not regenerate naturally.
You have sharp toenails.


Message History

You slash the cyclops!
The cyclops is moderately wounded.
You strike the helpless cyclops from behind!
You hit the cyclops but do no damage. Your kick misses the cyclops.
The cyclops is moderately wounded.
You hit the cyclops. Your kick misses the cyclops.
The cyclops is heavily wounded.
You block the cyclops's attack.
You hit the cyclops.
The cyclops is heavily wounded.
You slash the cyclops! You claw the cyclops, but do no damage.
The cyclops is severely wounded.
The cyclops hits you!!
* * * LOW HITPOINT WARNING * * *
You barely miss the cyclops.
The cyclops is severely wounded.
You hit the cyclops but do no damage. You claw the cyclops, but do no damage.
The cyclops is severely wounded.
The cyclops hits you.
You die...

,
#.###########.#.........##...)
,#.##..........###.......##....
#.##.######.....#.......##....
,
#.....#.....#.#(#.......###..#
####..#.##....#.####.#### #..#
*#..#,*#..#.#.# #(# #..# , ...#
#..#.#.# #.# #..# * ##.#
*#..#C#.# #.# #..' ,,..
#...@..## #.# #.## , * ,.##
#.#.._..###.# #. #
..#.#...#.#.....# # * ,
..........######* , ,
#.###.#(......... * # *
#.#.######### , , #.#.(........
, , ,* #.#.#########** , *
*,#.. ,


You could see a cyclops.

Vanquished Creatures
  A warg (D:6)
  Duvessa (D:6)
  A black bear (D:7)
  3 ogres
  A necrophage (D:6)
  Blork the orc (D:6)
  2 giant frogs
  Dowan (D:6)
  A scorpion (D:6)
  2 crimson imps
  A jelly (D:7)
  A centaur skeleton (D:5)
  An orc priest (D:6)
  3 orc wizards
  An iguana (D:6)
  5 worker ants
  A hound zombie (D:5)
  10 adders
  A shadow imp (D:5)
  An ooze (D:2)
  2 adder skeletons (D:5)
  4 worms
  A dart slug (D:1)
  4 giant geckos
  9 orcs
  4 bat zombies (D:6)
  2 giant cockroaches
  12 goblins
  4 hobgoblins
  3 jackals (D:2)
  3 kobolds
  2 quokkas
  2 ball pythons
  8 bats
  A giant gecko skeleton (D:4)
  5 giant newts
  A quokka skeleton (D:6)
  8 rats
114 creatures vanquished.

Notes
Turn   | Place    | Note
--------------------------------------------------------------
     0 | D:1      | kae the Deep Dwarf Fighter began the quest for the Orb.
     0 | D:1      | Reached XP level 1. HP: 20/20 MP: 1/1
    71 | D:1      | Reached skill level 3 in Axes
   100 | D:1      | Reached XP level 2. HP: 24/27 MP: 2/2
   664 | D:2      | Reached skill level 4 in Axes
   664 | D:2      | Reached XP level 3. HP: 26/33 MP: 3/3
   978 | D:2      | Found a deep blue altar of Sif Muna.
  1073 | D:2      | Reached XP level 4. HP: 31/40 MP: 4/4
  1075 | D:2      | Reached skill level 5 in Axes
  1582 | D:3      | Found a blossoming altar of Fedhas.
  1635 | D:3      | Found a radiant altar of Vehumet.
  1635 | D:3      | Found a burning altar of Makhleb.
  1646 | D:3      | Reached XP level 5. HP: 24/46 MP: 5/5
  1654 | D:3      | Became a worshipper of Makhleb the Destroyer
  1689 | D:3      | Reached skill level 6 in Axes
  1944 | D:4      | Gained mutation: You have sharp toenails. [potion of beneficial mutation]
  2012 | D:4      | Found Pinof's Magic Scroll Emporium.
  2017 | D:4      | Bought a scroll of identify for 24 gold pieces
  2017 | D:4      | Bought a scroll of identify for 24 gold pieces
  2017 | D:4      | Bought a scroll of identify for 24 gold pieces
  2076 | D:4      | Reached * piety under Makhleb
  2224 | D:4      | Found a bloodstained altar of Trog.
  2240 | D:4      | Reached skill level 7 in Axes
  2240 | D:4      | Reached XP level 6. HP: 23/55 MP: 6/6
  2431 | D:4      | Found a staircase to the Ecumenical Temple.
  2484 | D:5      | Entered Level 5 of the Dungeon
  3113 | D:5      | Reached skill level 8 in Axes
  3408 | D:5      | Found an iron altar of Okawaru.
  3547 | D:6      | Reached XP level 7. HP: 48/61 MP: 7/7
  3628 | D:6      | Found an ancient bone altar of Kikubaaqudgha.
  3683 | D:6      | Noticed Blork the orc
  3696 | D:6      | Killed Blork the orc
  3696 | D:6      | Reached ** piety under Makhleb
  3779 | D:6      | Reached skill level 9 in Axes
  3907 | D:6      | Noticed Duvessa
  3909 | D:6      | Noticed Dowan
  3917 | D:6      | Killed Duvessa
  3924 | D:6      | Killed Dowan
  3924 | D:6      | Reached skill level 10 in Axes
  4120 | D:6      | Reached XP level 8. HP: 56/68 MP: 8/8
  4333 | D:7      | Found a stormy altar of Qazlal.
  4338 | D:7      | Noticed a cyclops
  4415 | D:7      | Reached skill level 11 in Axes
  4520 | D:7      | Found an opulent altar of Gozag.
  4520 | D:7      | Found a glowing silver altar of Zin.
  4662 | D:7      | HP: 2/68 [cyclops (23)]
  4664 | D:7      | Slain by a cyclops

Skill      XL: |  1  2  3  4  5  6  7  8 |
---------------+-------------------------+-----
Axes           | 3 4 5 7 8 10 11 | 11.7
Fighting       | |  2.6
Armour         | |  3.2
Shields        | |  3.2

Action                   |  1- 3 |  4- 6 |  7- 9 || total
-------------------------+-------+-------+-------++-------
Melee: War axe           |   112 |   185 |   106 ||   403
       Kick              |       |    29 |    37 ||    66
Evoke: Wand              |       |     2 |     4 ||     6
  Use: Scroll            |       |    18 |     4 ||    22
       Potion            |       |     2 |     3 ||     5
 Stab: Invisible         |       |       |     2 ||     2
  Eat: Chunk             |     1 |     8 |     4 ||    13
Armor: Scale mail        |    63 |    64 |    29 ||   156
Dodge: Dodged            |    29 |    49 |    22 ||   100
Block: Shield            |    55 |    94 |    42 ||   191
